[Event "Titled Tuesday Blitz June 13 Early 2023"]
[White "Parondo, Rolly"]
[Black "Begunov, Konstantin"]
[WhiteFideId "5217407"]
[BlackFideId "4118510"]
[WhiteElo "2141"]
[BlackElo "1993"]
[Result "1-0"]
[Round "7"]
[TimeControl "180+2"]
[Date "2023.06.13"]
[WhiteClock "0:00:18"]
[BlackClock "0:00:09"]
[Board "113"]

1. d4 d5 2. Bf4 c6 3. e3 Nf6 4. Nd2 Bg4 5. f3 Bf5 6. g4 Bg6 7. h4 h5 8. g5 Nfd7 9. Nh3 e6 10. Bg3 Bf5 11. Nf4 c5 12. c3 Nc6 13. Bb5 cxd4 14. exd4 Qb6 15. Qb3 g6 16. Ne2 Bc2 17. Qxc2 Qxb5 18. Kf2 Be7 19. Qb3 Qb6 20. Rhe1 O-O 21. Qxb6 Nxb6 22. a3 Na5 23. Bc7 Nac4 24. Bxb6 Nxd2 25. Bc7 Rac8 26. Bg3 Nc4 27. Ra2 a5 28. Nf4 Rc6 29. a4 Rb6 30. Re2 Rb3 31. Nd3 Rc8 32. Nc1 Rb6 33. Nd3 Kf8 34. Rc2 Ke8 35. Ke2 Kd8 36. Ne5 Nxe5 37. Bxe5 Kd7 38. Kd3 Rb3 39. Re2 Rc6 40. Kc2 Rbb6 41. Ra1 Rc4 42. b3 Rc8 43. Kb2 Rbc6 44. Re3 Bf8 45. Rae1 Be7 46. R1e2 Bd8 47. Rd3 Ra8 48. Rc2 Rac8 49. Rd1 b6 50. Rdc1 Ra8 51. c4 Rac8 52. Bf6 Bc7 53. Be5 Bxe5 54. dxe5 dxc4 55. bxc4 Kc7 56. c5 Kb7 57. Rd2 Rxc5 58. Rxc5 Rxc5 59. f4 Rd5 60. Rxd5 exd5 61. f5 gxf5 62. e6 fxe6 63. g6 f4 64. g7 f3 65. g8=Q f2 66. Qg2 1-0


[Site "https://www.chess.com"]

[Event "Titled Tuesday Blitz June 13 Early 2023"]
[White "sebastianmarinp"]
[Black "MKlose11"]
[WhiteElo "2393"]
[BlackElo "2536"]
[Result "0-1"]
[Round "7"]
[TimeControl "180+2"]
[Date "2023.06.13"]
[WhiteClock "0:00:12"]
[BlackClock "0:00:17"]
[Board "114"]

1. e4 e6 2. d4 d5 3. Nc3 Bb4 4. e5 Ne7 5. a3 Bxc3+ 6. bxc3 b6 7. Qg4 Ng6 8. h4 h5 9. Qg3 Ba6 10. Ne2 Qd7 11. a4 Nc6 12. Nf4 Bxf1 13. Nxg6 fxg6 14. Qxg6+ Qf7 15. Qxf7+ Kxf7 16. Kxf1 Na5 17. Rh3 Nc4 18. Bg5 a5 19. Rd1 Rhf8 20. Rdd3 Nb2 21. Rdg3 Nxa4 22. Bc1 b5 23. Rg5 Nb6 24. Ba3 Rg8 25. Rf3+ Ke8 26. Rg6 Nc4 27. Bc5 a4 28. Rxe6+ Kd7 29. Re7+ Kc6 30. Rff7 Rgc8 31. Rxg7 a3 32. Re6+ Kb7 33. Bxa3 Rxa3 34. Rd7 Rxc3 35. Rxd5 c6 36. Rd7+ Kb6 37. d5 Rxc2 38. d6 Ra8 39. g4 Ra1+ 40. Kg2 Ne3+ 41. Kf3 Nxg4 42. Ree7 Rxf2+ 43. Kg3 Ra3# 0-1


[Site "https://www.chess.com"]

[Event "Titled Tuesday Blitz June 13 Early 2023"]
[White "Ozalp, Burak"]
[Black "Parpiev, Isaak"]
[WhiteFideId "6314210"]
[BlackFideId "34281576"]
[WhiteElo "2106"]
[BlackElo "2167"]
[Result "0-1"]
[Round "7"]
[TimeControl "180+2"]
[Date "2023.06.13"]
[WhiteClock "0:00:02"]
[BlackClock "0:00:42"]
[Board "115"]

1. Nf3 Nf6 2. g3 g6 3. Bg2 Bg7 4. O-O O-O 5. d4 d6 6. a4 a5 7. Nc3 Nc6 8. e4 Bg4 9. Be3 Nd7 10. h3 Bxf3 11. Bxf3 e5 12. d5 Nd4 13. Bg2 f5 14. f4 c5 15. dxc6 bxc6 16. Ne2 Nxe2+ 17. Qxe2 fxe4 18. Qc4+ d5 19. Qxc6 d4 20. fxe5 Nxe5 21. Qe6+ Kh8 22. Bh6 Bxh6 23. Qxe5+ Bg7 24. Qxe4 Rb8 25. Rxf8+ Qxf8 26. Rf1 Qd6 27. Qf4 Qxf4 28. Rxf4 Rxb2 29. Re4 Bf6 30. Re6 Kg7 31. Be4 Ra2 32. Kf2 Rxa4 33. Kf3 Ra3+ 34. Kf4 Rc3 35. g4 Rc5 36. Ra6 Bg5+ 37. Kf3 Rc3+ 38. Bd3 Ra3 39. Ke4 Bf6 40. g5 Bxg5 41. Kxd4 Ra1 42. Kc4 a4 43. Kb4 a3 44. Kb3 Bc1 45. c4 Bb2 46. c5 Rc1 47. c6 Rc3+ 48. Kb4 Rxd3 49. c7 Rc3 50. Ra7 Kh6 51. Kb5 Bc1 52. Kb6 Be3+ 53. Kb7 Bxa7 54. c8=Q Rxc8 0-1


[Site "https://www.chess.com"]

[Event "Titled Tuesday Blitz June 13 Early 2023"]
[White "Xie, Bryan"]
[Black "Sowul, Bartosz"]
[WhiteFideId "30941296"]
[BlackFideId "1137590"]
[WhiteElo "2033"]
[BlackElo "2188"]
[Result "1/2-1/2"]
[Round "7"]
[TimeControl "180+2"]
[Date "2023.06.13"]
[WhiteClock "0:00:04"]
[BlackClock "0:00:14"]
[Board "116"]

1. e4 c5 2. Nf3 d6 3. d4 cxd4 4. Nxd4 Nf6 5. Nc3 Nc6 6. Bg5 g6 7. Bxf6 exf6 8. Qd2 Bg7 9. Ndb5 O-O 10. Nxd6 f5 11. exf5 Bxf5 12. Nxf5 gxf5 13. Qxd8 Raxd8 14. Bd3 Rfe8+ 15. Kf1 f4 16. Re1 Bxc3 17. bxc3 Ne5 18. Bb5 Re6 19. f3 Rd2 20. Ba4 Kg7 21. Bb3 Re7 22. Re4 Rd1+ 23. Re1 Rxe1+ 24. Kxe1 Nxf3+ 25. Kf2 Nd2 26. Rd1 Ne4+ 27. Kf3 Nxc3 28. Rd3 Ne2 29. Bd5 b6 30. a4 Kg6 31. c4 f5 32. Ra3 Kg5 33. a5 Nd4+ 34. Kf2 Re2+ 35. Kf1 Rd2 36. axb6 axb6 37. Ra7 Nc2 38. Rxh7 Ne3+ 39. Ke1 Rd1+ 40. Ke2 Rb1 41. Rg7+ Kf6 42. Rd7 Ke5 43. Re7+ Kd4 44. Rc7 Rb2+ 45. Kf3 Nxd5 46. cxd5 Kxd5 47. Kxf4 Rxg2 48. Rh7 Rf2+ 49. Ke3 Rf1 50. h4 b5 51. h5 b4 52. h6 Rh1 53. Kf4 Kc4 54. Kxf5 b3 55. Kg6 b2 56. Rc7+ Kb3 57. Rb7+ Kc2 58. h7 Rxh7 59. Kxh7 b1=Q 60. Rxb1 Kxb1 1/2-1/2


[Site "https://www.chess.com"]

[Event "Titled Tuesday Blitz June 13 Early 2023"]
[White "Liu, Casper"]
[Black "Goldin, Roman"]
[WhiteFideId "1454153"]
[BlackFideId "2803860"]
[WhiteElo "2221"]
[BlackElo "2312"]
[Result "1-0"]
[Round "7"]
[TimeControl "180+2"]
[Date "2023.06.13"]
[WhiteClock "0:02:17"]
[BlackClock "0:00:04"]
[Board "117"]

1. e4 Nc6 2. Bc4 Nf6 3. Nc3 Nxe4 4. Nxe4 d5 5. Bd3 dxe4 6. Bxe4 e5 7. Nf3 Bd6 8. O-O O-O 9. d3 Bd7 10. Re1 Re8 11. Ng5 g6 12. Nxh7 Be7 13. Qf3 Nd4 14. Qe3 Nxc2 15. Qh6 Bf6 16. Bg5 Bg7 17. Qh4 f6 18. Nxf6+ Bxf6 19. Bxf6 Qxf6 20. Qxf6 Nxe1 21. Qxg6+ Kf8 22. Qf6+ Kg8 23. Bd5+ Kh7 24. Qf7+ Kh6 1-0


[Site "https://www.chess.com"]

[Event "Titled Tuesday Blitz June 13 Early 2023"]
[White "Devaev, Alexander"]
[Black "Fernandez Siles, Luis"]
[WhiteFideId "4169395"]
[BlackFideId "2209420"]
[WhiteElo "2172"]
[BlackElo "2195"]
[Result "0-1"]
[Round "7"]
[TimeControl "180+2"]
[Date "2023.06.13"]
[WhiteClock "0:00:00"]
[BlackClock "0:00:14"]
[Board "118"]

1. d4 Nf6 2. c4 g6 3. Nc3 Bg7 4. e4 d6 5. Nf3 O-O 6. h3 c5 7. d5 e6 8. Bd3 Na6 9. a3 Nc7 10. Bg5 h6 11. Be3 a6 12. Qd2 Kh7 13. b4 b6 14. Rb1 exd5 15. cxd5 Re8 16. O-O c4 17. Bc2 b5 18. Rfe1 Nd7 19. Bd4 Ne5 20. Nxe5 Bxe5 21. a4 Qg5 22. Qxg5 hxg5 23. Bxe5 Rxe5 24. Ra1 Bd7 25. axb5 axb5 26. Rxa8 Nxa8 27. Ra1 Re8 28. Ra7 Rd8 29. Ra6 Be8 30. f3 Kg7 31. Kf2 Kf6 32. Ke3 Ke5 33. Ra5 Rb8 34. g3 f5 35. f4+ gxf4+ 36. gxf4+ Kf6 37. Kd4 Nc7 38. e5+ dxe5+ 39. fxe5+ Kg5 40. Ra7 Rc8 41. e6 Kf6 42. h4 Nxe6+ 43. dxe6 Kxe6 44. Ra6+ Kf7 45. Nd5 Rd8 46. Rf6+ Kg7 47. Ke5 Rxd5+ 48. Kxd5 Kxf6 49. Kc5 f4 50. Kd4 g5 51. hxg5+ Kxg5 52. Be4 Kg4 0-1


[Site "https://www.chess.com"]

[Event "Titled Tuesday Blitz June 13 Early 2023"]
[White "Hoffmann, Asa"]
[Black "Manukian, Artak"]
[WhiteFideId "2001470"]
[BlackFideId "13301373"]
[WhiteElo "2117"]
[BlackElo "2130"]
[Result "1-0"]
[Round "7"]
[TimeControl "180+2"]
[Date "2023.06.13"]
[WhiteClock "0:00:42"]
[BlackClock "0:00:00"]
[Board "119"]

1. d4 Nf6 2. Bg5 c5 3. d5 e5 4. Nc3 d6 5. e4 Be7 6. Be3 Ng4 7. Bd2 a6 8. f3 Nf6 9. a4 Nh5 10. g3 Bg5 11. Bd3 Bxd2+ 12. Qxd2 O-O 13. Nge2 g6 14. O-O f5 15. exf5 gxf5 16. Qh6 Ng7 17. g4 Qf6 18. Qxf6 Rxf6 19. Ng3 b6 20. gxf5 Nxf5 21. Nce4 Rg6 22. Kh1 Nxg3+ 23. hxg3 Bf5 24. Kg2 Nd7 25. Nxc5 Bxd3 26. Nxd3 Rc8 27. Rac1 Rc4 28. b3 Rd4 29. Rfd1 Rxd5 30. Nb4 Rxd1 31. Rxd1 a5 32. Nd5 Kf7 33. c4 Nc5 34. Nxb6 Nxb3 35. Nd5 Nc5 36. Nc3 Ke6 37. Nb5 Kd7 38. Nc3 Kc6 39. Rb1 Rg7 40. Rb5 Ra7 41. g4 Nd3 42. Kg3 Nb4 43. Nd5 1-0


[Site "https://www.chess.com"]

[Event "Titled Tuesday Blitz June 13 Early 2023"]
[White "Bashirli, Saadat"]
[Black "Brunner, Nicolas"]
[WhiteFideId "13429990"]
[BlackFideId "620246"]
[WhiteElo "1408"]
[BlackElo "2319"]
[Result "0-1"]
[Round "7"]
[TimeControl "180+2"]
[Date "2023.06.13"]
[WhiteClock "0:00:17"]
[BlackClock "0:00:47"]
[Board "120"]

1. d4 Nf6 2. e3 d5 3. f4 Bg4 4. Nf3 e6 5. Bd3 Bd6 6. Nbd2 O-O 7. O-O c5 8. c3 Nc6 9. h3 Bh5 10. b3 cxd4 11. cxd4 Nb4 12. Bb1 Bg6 13. Bb2 Rc8 14. a3 Nc2 15. Bxc2 Rxc2 16. Bc1 Qc7 17. Ne5 Rc8 18. Nxg6 hxg6 19. Nc4 Rxc1 20. Rxc1 dxc4 21. Rxc4 Qd7 22. Qc2 Rxc4 23. Qxc4 Bxa3 24. Ra1 Qe7 25. Qa4 Bb2 26. Rb1 Bc3 27. Qxa7 Nd5 28. Qb8+ Kh7 29. Qc8 Bd2 30. e4 Nxf4 31. Qc4 Qg5 32. Qf1 Nxh3+ 33. Kh2 Bf4+ 34. Kh1 Qg3 35. Qg1 Nxg1 36. Kxg1 Be3+ 0-1


[Site "https://www.chess.com"]

[Event "Titled Tuesday Blitz June 13 Early 2023"]
[White "Afanasieva, Alexandra"]
[Black "brm72"]
[WhiteFideId "34126926"]
[WhiteElo "1736"]
[BlackElo "2525"]
[Result "0-1"]
[Round "7"]
[TimeControl "180+2"]
[Date "2023.06.13"]
[WhiteClock "0:00:00"]
[BlackClock "0:00:50"]
[Board "121"]

1. e4 c6 2. d4 d5 3. e5 c5 4. dxc5 e6 5. Qg4 Nd7 6. Nf3 Nh6 7. Bxh6 gxh6 8. b4 a5 9. c3 Qc7 10. Bb5 b6 11. c6 Nxe5 12. Nxe5 Qxe5+ 13. Kd1 axb4 14. Re1 Qg7 15. c7+ Ke7 16. Qxb4+ Kf6 17. Qf4+ Ke7 18. Qb4+ Kf6 19. Qh4+ Qg5 20. Qd4+ e5 21. Qxd5 Bc5 22. f4 Bg4+ 23. Kc2 exf4 24. Qxg5+ hxg5 25. Nd2 Bf5+ 26. Ne4+ Kg6 27. Bd3 Rac8 28. Nxc5 bxc5 29. Bxf5+ Kxf5 30. Re7 Kf6 31. Rd7 Rhe8 32. Rad1 Re6 33. a4 Rc6 34. R1d6+ Rxd6 35. Rxd6+ Ke5 36. Rd7 Ke6 37. Rd8 Rxc7 38. Rh8 f5 39. Rg8 g4 40. Re8+ Kd5 41. Rf8 Ke4 42. Re8+ Kd5 43. Rf8 Ke6 44. Re8+ Kf6 45. Kb3 Ra7 46. Rf8+ Kg5 47. Rg8+ Kh4 48. Re8 f3 49. gxf3 gxf3 0-1


[Site "https://www.chess.com"]

[Event "Titled Tuesday Blitz June 13 Early 2023"]
[White "Jaivardhan Raj"]
[Black "Horak, Martin"]
[WhiteFideId "25744437"]
[BlackFideId "367095"]
[WhiteElo "1772"]
[BlackElo "2091"]
[Result "1-0"]
[Round "7"]
[TimeControl "180+2"]
[Date "2023.06.13"]
[WhiteClock "0:00:23"]
[BlackClock "0:00:31"]
[Board "122"]

1. e4 c5 2. Nf3 Nc6 3. d4 cxd4 4. Nxd4 Nf6 5. Nc3 e5 6. Ndb5 d6 7. Bg5 a6 8. Na3 b5 9. Nd5 Be7 10. Bxf6 Bxf6 11. c3 O-O 12. Nc2 Rb8 13. Be2 Bg5 14. Qd3 a5 15. O-O Ne7 16. Nce3 Bxe3 17. Nxe3 Be6 18. Rfd1 Rb6 19. Rd2 Qc7 20. Bg4 Rd8 21. Bxe6 fxe6 22. Ng4 Ng6 23. Rad1 Qc5 24. Qg3 b4 25. h4 h5 26. Nf6+ Kf7 27. Nxh5 bxc3 28. Rc2 Rxb2 29. Rxc3 Qb6 30. Rf3+ Nf4 31. Qxg7+ Ke8 32. Nf6# 1-0


[Site "https://www.chess.com"]

[Event "Titled Tuesday Blitz June 13 Early 2023"]
[White "Bashkansky, Ethan"]
[Black "Pakleza, Zbigniew"]
[WhiteFideId "2071533"]
[BlackFideId "1119290"]
[WhiteElo "2330"]
[BlackElo "2410"]
[Result "0-1"]
[Round "7"]
[TimeControl "180+2"]
[Date "2023.06.13"]
[WhiteClock "0:00:17"]
[BlackClock "0:00:43"]
[Board "123"]

1. d4 d6 2. c4 a6 3. e4 g6 4. f4 e6 5. Nf3 f6 6. Nc3 c6 7. Be3 b6 8. Bd3 Ne7 9. O-O h6 10. Kh1 Bg7 11. Rc1 O-O 12. Qe2 Nd7 13. b3 Bb7 14. Qf2 b5 15. Rfd1 b4 16. Ne2 a5 17. Bc2 d5 18. c5 Ba6 19. Ng3 dxe4 20. Bxe4 f5 21. Bc2 Nd5 22. Ne5 Nxe5 23. dxe5 Qh4 24. Kg1 g5 25. Bd3 Bxd3 26. Rxd3 gxf4 0-1


[Site "https://www.chess.com"]

[Event "Titled Tuesday Blitz June 13 Early 2023"]
[White "Karthik Rajaa"]
[Black "Petrova, Irina"]
[WhiteFideId "25035215"]
[BlackFideId "14124122"]
[WhiteElo "2215"]
[BlackElo "2084"]
[Result "0-1"]
[Round "7"]
[TimeControl "180+2"]
[Date "2023.06.13"]
[WhiteClock "0:00:08"]
[BlackClock "0:00:45"]
[Board "124"]

1. Nf3 d6 2. d4 g6 3. g3 Bg7 4. Bg2 Nf6 5. c4 O-O 6. Nc3 Nc6 7. d5 Na5 8. b3 Ne4 9. Nxe4 Bxa1 10. Bd2 Nxb3 11. Qxb3 Bg7 12. O-O e5 13. dxe6 Bxe6 14. Bc3 Rb8 15. Bxg7 Kxg7 16. Nfg5 Bd7 17. Qc3+ f6 18. Rd1 Qe7 19. Nh3 Bxh3 20. Bxh3 Qxe4 21. Bg2 Qe5 22. Qc2 Rfe8 23. e3 b5 24. cxb5 Rxb5 25. Qxc7+ Re7 26. Qd8 Rb2 27. Bd5 Re8 28. Qc7+ Qe7 29. Qc3 Reb8 30. Kg2 Qe5 31. Qc7+ Kh6 32. Rd4 g5 33. Be4 Rh8 34. h4 gxh4 35. Bf3 Qxg3+ 0-1


[Site "https://www.chess.com"]

[Event "Titled Tuesday Blitz June 13 Early 2023"]
[White "KorolDimitriy75"]
[Black "Orlov, Georgi"]
[BlackFideId "2011271"]
[WhiteElo "2422"]
[BlackElo "2620"]
[Result "1-0"]
[Round "7"]
[TimeControl "180+2"]
[Date "2023.06.13"]
[WhiteClock "0:00:03"]
[BlackClock "0:00:02"]
[Board "125"]

1. d4 Nf6 2. c4 Nc6 3. Nc3 e5 4. Nf3 exd4 5. Nxd4 Bb4 6. Nxc6 bxc6 7. Bg5 h6 8. Bh4 Bxc3+ 9. bxc3 Qe7 10. e3 d6 11. Be2 O-O 12. O-O g5 13. Bg3 Ne4 14. Qc2 Nc5 15. Rad1 Kg7 16. Bf3 Bd7 17. Rd2 f5 18. h3 f4 19. exf4 gxf4 20. Bh2 Qg5 21. Re1 Rab8 22. Rde2 Rf7 23. Qd2 Bxh3 24. Kh1 Bg4 25. Bxg4 Qxg4 26. Re7 Rf8 27. f3 Qg5 28. Qd4+ Kg8 29. Re8 Kh7 30. Rxf8 Rxf8 31. Re2 a5 32. Re1 Qf6 33. Qd2 Rf7 34. Re2 Qf5 35. Re1 Qd3 36. Qf2 Qxc4 37. Qh4 Qxc3 38. Re7 Qa1+ 39. Bg1 Qg7 40. Re8 Qg5 41. Qh3 Nd7 42. Rd8 Ne5 43. Qc8 Rg7 44. Rh8+ Kg6 45. Qe8+ Nf7 46. Bd4 Qh4+ 47. Kg1 Qg4 48. Bxg7 Qf5 49. Rg8 Kh7 50. Bd4 c5 51. Rg7# 1-0


[Site "https://www.chess.com"]

[Event "Titled Tuesday Blitz June 13 Early 2023"]
[White "Girya, Olga"]
[Black "Tinmaz, Kerem"]
[WhiteFideId "4195752"]
[BlackFideId "44559151"]
[WhiteElo "2263"]
[BlackElo "2153"]
[Result "1-0"]
[Round "7"]
[TimeControl "180+2"]
[Date "2023.06.13"]
[WhiteClock "0:00:04"]
[BlackClock "0:00:00"]
[Board "126"]

1. d4 d5 2. c4 c6 3. Nf3 Nf6 4. Qb3 dxc4 5. Qxc4 Bg4 6. Nc3 e6 7. e4 Nbd7 8. Be2 Be7 9. O-O O-O 10. Qb3 Qb6 11. Be3 Qxb3 12. axb3 a6 13. h3 Bh5 14. g4 Bg6 15. Nd2 Bb4 16. f3 c5 17. Rfd1 cxd4 18. Bxd4 Rac8 19. Na2 Bc5 20. Bxc5 Nxc5 21. Nc3 Rfd8 22. b4 Rxd2 23. Rxd2 Nb3 24. Rad1 Nxd2 25. Rxd2 Kf8 26. h4 h5 27. g5 Ne8 28. Kf2 Ke7 29. Ke3 f6 30. f4 Bf7 31. e5 fxe5 32. fxe5 Rd8 33. Bf3 Rxd2 34. Kxd2 b6 35. Ne4 Bg6 36. Ng3 Nc7 37. Bxh5 Bxh5 38. Nxh5 Nd5 39. Nxg7 Nxb4 40. h5 Kf7 41. h6 Nc6 42. Nxe6 Nxe5 43. h7 Ng6 44. Nf4 Nh8 45. g6+ Kg7 46. Kc3 a5 47. Kc4 Kf6 48. Kb5 Kg5 49. g7 1-0


[Site "https://www.chess.com"]

[Event "Titled Tuesday Blitz June 13 Early 2023"]
[White "Mamedov, Edgar"]
[Black "Melikhov, Evgeny V."]
[WhiteFideId "13739980"]
[BlackFideId "4122046"]
[WhiteElo "2317"]
[BlackElo "2158"]
[Result "0-1"]
[Round "7"]
[TimeControl "180+2"]
[Date "2023.06.13"]
[WhiteClock "0:00:00"]
[BlackClock "0:00:24"]
[Board "127"]

1. Nf3 f5 2. g3 Nf6 3. Bg2 g6 4. O-O Bg7 5. d4 O-O 6. c4 d6 7. Nc3 Qe8 8. b3 a5 9. Re1 h6 10. e4 fxe4 11. Nxe4 Nxe4 12. Rxe4 Bf5 13. Re1 Qf7 14. Bb2 a4 15. Re3 a3 16. Bc3 Nd7 17. d5 Bxc3 18. Rxc3 Bg4 19. h3 Bxf3 20. Rxf3 Qg7 21. Re3 g5 22. Qe1 Ne5 23. Kh2 g4 24. h4 Rf6 25. Rd1 Raf8 26. Rd2 h5 27. Rde2 R8f7 28. Rxe5 dxe5 29. Rxe5 Kf8 30. Rxh5 Rxf2 31. Re5 Qf6 32. c5 Qf3 33. Qg1 Qc3 0-1


[Site "https://www.chess.com"]

[Event "Titled Tuesday Blitz June 13 Early 2023"]
[White "Mayaud, Raphael"]
[Black "whiteglovethief"]
[WhiteFideId "627151"]
[WhiteElo "2191"]
[BlackElo "2499"]
[Result "0-1"]
[Round "7"]
[TimeControl "180+2"]
[Date "2023.06.13"]
[WhiteClock "0:00:40"]
[BlackClock "0:01:27"]
[Board "128"]

1. d4 Nf6 2. Bg5 Ne4 3. Bf4 e6 4. f3 Bd6 5. Bxd6 Nxd6 6. e4 f5 7. e5 Nf7 8. f4 O-O 9. Nf3 b6 10. c4 Bb7 11. Nc3 d6 12. Qb3 Bxf3 13. gxf3 Qh4+ 14. Ke2 Qxf4 15. exd6 cxd6 16. Rd1 Nc6 17. d5 Nd4+ 18. Rxd4 Qxd4 19. dxe6 Rae8 20. c5 d5 21. Qxd5 Qxd5 22. Nxd5 Rxe6+ 23. Kf2 bxc5 24. Bc4 Kh8 25. h4 Nd6 26. Bd3 Re5 27. Nf4 c4 28. Bc2 Rb8 29. b3 Ra5 0-1


[Site "https://www.chess.com"]

[Event "Titled Tuesday Blitz June 13 Early 2023"]
[White "Rosenberg, Evan S"]
[Black "gueraumasague"]
[WhiteFideId "2019299"]
[WhiteElo "2360"]
[BlackElo "2494"]
[Result "0-1"]
[Round "7"]
[TimeControl "180+2"]
[Date "2023.06.13"]
[WhiteClock "0:01:04"]
[BlackClock "0:00:52"]
[Board "129"]

1. d4 g6 2. e4 Bg7 3. Nc3 c6 4. Be3 d5 5. e5 Nh6 6. f4 Ng4 7. Qd2 Nxe3 8. Qxe3 Qa5 9. Nf3 Bg4 10. Be2 e6 11. O-O-O Bxf3 12. Bxf3 h5 13. g3 Nd7 14. h3 b5 15. Kb1 Nb6 16. b3 Rb8 17. Ne2 Qa3 18. Qc3 Rc8 19. Nc1 c5 20. dxc5 Bf8 21. Nd3 Na4 22. Qb4 Qxb4 23. Nxb4 Nc3+ 24. Kb2 Nxd1+ 25. Rxd1 Bxc5 26. Na6 Bf2 27. g4 hxg4 28. hxg4 Rh2 29. Be2 Bd4+ 30. Rxd4 Rxe2 0-1


[Site "https://www.chess.com"]

[Event "Titled Tuesday Blitz June 13 Early 2023"]
[White "Petukhov, Dmitry"]
[Black "Rian, Kapriaga"]
[WhiteFideId "4142748"]
[BlackFideId "7103263"]
[WhiteElo "2311"]
[BlackElo "2352"]
[Result "1-0"]
[Round "7"]
[TimeControl "180+2"]
[Date "2023.06.13"]
[WhiteClock "0:00:44"]
[BlackClock "0:00:00"]
[Board "130"]

1. e4 c6 2. d4 d5 3. Nd2 dxe4 4. Nxe4 Bf5 5. Ng3 Bg6 6. Nf3 Nd7 7. h4 h6 8. h5 Bh7 9. Bd3 Bxd3 10. Qxd3 e6 11. Bd2 Ngf6 12. O-O-O Be7 13. Kb1 O-O 14. Ne4 c5 15. g4 Nxg4 16. Rhg1 f5 17. Qc4 fxe4 18. Qxe6+ Rf7 19. Rxg4 exf3 20. Rxg7+ Kxg7 21. Qxh6+ Kg8 22. Rg1+ Bg5 23. Rxg5+ Qxg5 24. Qxg5+ Rg7 25. Qd5+ Kh8 26. a3 cxd4 27. Qxd4 Kg8 28. Bc3 Rh7 29. Qg4+ Kf8 30. Bb4+ Ke8 31. Qg8+ Nf8 32. Qxf8+ Kd7 33. Qxa8 1-0


[Site "https://www.chess.com"]

[Event "Titled Tuesday Blitz June 13 Early 2023"]
[White "Vifleemskaia, Svetlana"]
[Black "Zaitsev, Alexander"]
[WhiteFideId "4129490"]
[BlackFideId "4164490"]
[WhiteElo "1930"]
[BlackElo "2373"]
[Result "1/2-1/2"]
[Round "7"]
[TimeControl "180+2"]
[Date "2023.06.13"]
[WhiteClock "0:00:01"]
[BlackClock "0:00:04"]
[Board "131"]

1. d4 Nf6 2. c4 e6 3. Nc3 Bb4 4. e3 b6 5. Ne2 Ba6 6. a3 Bxc3+ 7. Nxc3 d5 8. b3 O-O 9. Be2 Nc6 10. O-O Na5 11. cxd5 Bxe2 12. Nxe2 exd5 13. Bd2 Nb7 14. Ng3 Nd6 15. Bb4 Re8 16. Bxd6 Qxd6 17. b4 c6 18. Qb3 a5 19. Rab1 axb4 20. Qxb4 Qxb4 21. axb4 b5 22. Rfc1 Re6 23. Ra1 Ree8 24. Kf1 g6 25. Rxa8 Rxa8 26. Rxc6 Kg7 27. Rb6 h5 28. f3 Ra1+ 29. Kf2 Ra2+ 30. Ne2 Rb2 31. Rxb5 Kf8 32. Rb7 Ne8 33. Rd7 Nf6 34. Rb7 Ne8 35. Rb8 Ke7 36. e4 dxe4 37. fxe4 Nd6 38. Kf3 Rb3+ 39. Kf4 g5+ 40. Kxg5 Nxe4+ 41. Kxh5 Nf6+ 42. Kh4 Re3 43. Nf4 Re4 44. g3 Rxd4 45. Kg5 Ne4+ 46. Kf5 Nd6+ 47. Ke5 Re4+ 48. Kd5 Re1 49. Kc6 Rc1+ 50. Kb6 Nc4+ 51. Kb5 Nd6+ 52. Kb6 Nc4+ 53. Ka6 Ra1+ 54. Kb5 Nd6+ 55. Kc5 Rc1+ 56. Kd4 Nf5+ 57. Ke4 Nd6+ 58. Kf3 Rc3+ 59. Kg4 Rc4 60. h4 Ne4 61. Nd5+ Kd6 62. Nf4 Rc3 63. Nh5 Nf2+ 64. Kg5 Ne4+ 65. Kg4 Nf2+ 66. Kg5 Ne4+ 67. Kg4 1/2-1/2


[Site "https://www.chess.com"]

[Event "Titled Tuesday Blitz June 13 Early 2023"]
[White "Bruedigam, Martin"]
[Black "rikchessmx"]
[WhiteFideId "24608033"]
[WhiteElo "2331"]
[BlackElo "2319"]
[Result "1-0"]
[Round "7"]
[TimeControl "180+2"]
[Date "2023.06.13"]
[WhiteClock "0:00:41"]
[BlackClock "0:00:00"]
[Board "132"]

1. d4 Nf6 2. c4 e6 3. Nc3 d5 4. cxd5 exd5 5. Bg5 c6 6. e3 Be7 7. Bd3 O-O 8. Qc2 Nbd7 9. h3 Re8 10. Nf3 Ne4 11. Bf4 f5 12. O-O Ndf6 13. a3 a5 14. Rab1 Bd6 15. b4 Bxf4 16. exf4 axb4 17. axb4 b5 18. Ne5 Bb7 19. Ne2 Qb6 20. Rfc1 g6 21. Bxe4 Nxe4 22. Qd3 Nd6 23. Ra1 Nc4 24. Nd7 Qc7 25. Nc5 Re4 26. g3 Qb6 27. Rxa8+ Bxa8 28. Ra1 Bb7 29. Kg2 Nb2 30. Qc2 Nc4 31. Ra2 h5 32. h4 Kh7 33. Qc3 Re7 34. Ng1 Qc7 35. Nf3 Bc8 36. Ra8 Be6 37. Ne5 Nxe5 38. fxe5 f4 39. gxf4 Bf5 40. Qg3 Qb6 41. Qg5 Ra7 42. Rxa7+ Qxa7 43. e6 Kg7 44. Qd8 Qa1 45. e7 Qxd4 46. Qf8+ Kh7 47. e8=Q 1-0


[Site "https://www.chess.com"]

[Event "Titled Tuesday Blitz June 13 Early 2023"]
[White "Sarkar, Justin"]
[Black "UNSTOPPABLE_LEGEND"]
[WhiteFideId "2010011"]
[WhiteElo "2151"]
[BlackElo "2456"]
[Result "0-1"]
[Round "7"]
[TimeControl "180+2"]
[Date "2023.06.13"]
[WhiteClock "0:00:00"]
[BlackClock "0:01:36"]
[Board "133"]

1. e4 c6 2. g3 d5 3. e5 Bf5 4. Bg2 e6 5. Ne2 h5 6. d4 c5 7. Be3 Nd7 8. Nbc3 h4 9. O-O Nh6 10. Nb5 Ng4 11. Qd2 hxg3 12. hxg3 Be4 13. Bxe4 dxe4 14. Kg2 Rh2+ 15. Kg1 cxd4 16. Qxd4 Ndxe5 17. Qxe4 f5 0-1


[Site "https://www.chess.com"]

[Event "Titled Tuesday Blitz June 13 Early 2023"]
[White "Rios Escobar, Adan"]
[Black "Tuleyeva-Aketayeva, Dana"]
[WhiteFideId "3403645"]
[BlackFideId "13701932"]
[WhiteElo "2452"]
[BlackElo "2030"]
[Result "1-0"]
[Round "7"]
[TimeControl "180+2"]
[Date "2023.06.13"]
[WhiteClock "0:00:07"]
[BlackClock "0:00:42"]
[Board "134"]

1. d4 Nf6 2. g3 e6 3. c4 Bb4+ 4. Nd2 O-O 5. Bg2 d5 6. Nf3 c6 7. O-O Ne4 8. Qc2 Nxd2 9. Bxd2 Bxd2 10. Nxd2 b6 11. Rfd1 Bb7 12. e4 Nd7 13. Rac1 Rc8 14. b4 Qe7 15. c5 b5 16. a4 a6 17. Ra1 Ra8 18. Ra3 Qf6 19. e5 Qe7 20. Rda1 f6 21. f4 f5 22. Nb3 Rfb8 23. Na5 Nf8 24. Bf1 Qc7 25. Qa2 Bc8 26. Nxc6 Qxc6 27. axb5 Qe8 28. Qd2 Nd7 29. bxa6 Ra7 30. b5 Rba8 31. b6 Rxa6 32. Bxa6 Bxa6 33. Rxa6 Rxa6 34. Rxa6 Qc8 35. Qa5 1-0


[Site "https://www.chess.com"]

[Event "Titled Tuesday Blitz June 13 Early 2023"]
[White "EdmundPlayer"]
[Black "The_Sherman_Variation"]
[WhiteElo "2268"]
[BlackElo "2446"]
[Result "0-1"]
[Round "7"]
[TimeControl "180+2"]
[Date "2023.06.13"]
[WhiteClock "0:00:00"]
[BlackClock "0:00:22"]
[Board "135"]

1. e4 c5 2. Nf3 e6 3. d4 cxd4 4. Nxd4 Nc6 5. Nc3 Nf6 6. g3 a6 7. Bg2 Qc7 8. O-O Bc5 9. Be3 Nxd4 10. Bxd4 Bxd4 11. Qxd4 d6 12. Rad1 O-O 13. Qxd6 Qa5 14. e5 Nd7 15. Rfe1 Ra7 16. f4 b5 17. a3 Qb6+ 18. Kf1 Rc7 19. Re2 Bb7 20. Bxb7 Qxb7 21. Ne4 Nb6 22. b3 Nd5 23. a4 Rc6 24. Qa3 b4 25. Qb2 Qb6 26. Qd4 Qb8 27. Nd6 Rd8 28. Qe4 Qc7 29. Nc4 h6 30. Rd3 Rc8 31. Red2 Rc5 32. Qd4 Kh7 33. Ke1 Qc6 34. Kd1 Nc3+ 35. Rxc3 bxc3 36. Qxc3 Qh1+ 37. Ke2 Qxh2+ 0-1


[Site "https://www.chess.com"]

[Event "Titled Tuesday Blitz June 13 Early 2023"]
[White "a-z30"]
[Black "Chemin, Justo Reinaldo"]
[BlackFideId "2101580"]
[WhiteElo "2439"]
[BlackElo "1940"]
[Result "0-1"]
[Round "7"]
[TimeControl "180+2"]
[Date "2023.06.13"]
[WhiteClock "0:00:00"]
[BlackClock "0:00:55"]
[Board "136"]

1. d4 d5 2. c4 e6 3. Nc3 c5 4. cxd5 cxd4 5. Qa4+ b5 6. Nxb5 Bd7 7. Qb3 Qa5+ 8. Bd2 Qxb5 9. dxe6 fxe6 10. Qf3 Nc6 11. Rc1 Bb4 12. e3 Bxd2+ 13. Kxd2 Qxb2+ 14. Rc2 Qb4+ 15. Kd1 Nge7 16. Nh3 Rf8 17. Qh5+ g6 18. Qxh7 dxe3 19. fxe3 e5 20. Bd3 Bg4+ 21. Kc1 Rb8 22. Bxg6+ Kd8 23. Rd2+ Kc7 24. Rc2 Qa3+ 25. Kd2 Rbe8 26. Rhc1 Rd8+ 27. Bd3 e4 28. Rxc6+ Kb8 0-1


[Site "https://www.chess.com"]